 Dungeon Crawl Stone Soup version 0.31-a0-237-g2d982f9f85 (webtiles) character file.

Game seed: 6036058710417889605

196 qw the Shooter (level 5, -4/43 (45) HPs)
             Began as a Minotaur Hexslinger on July 11, 2023.
             Slain by a wight
             ... wielding a +3 long sword
              (10 damage)
             ... in a sewer.
             The game lasted 00:00:56 (2370 turns).

qw the Shooter (Minotaur Hexslinger)                Turns: 2370, Time: 00:00:57

HP:   -4/43 (45)    AC:  4    Str: 12    XL:     5   Next: 46%
MP:   5/5           EV: 12    Int: 10    God:
Gold: 137           SH:  0    Dex: 15    Spells: 5/6 levels left

rFire   . . .        Y - +2 sling (drain)
rCold   . . .        (no shield)
rNeg    . . .        c - +2 robe {Will+}
rPois   .            (helmet restricted)
rElec   .            (no cloak)
rCorr   .            (no gloves)
SInv    +            (no boots)
Will    +....        (no amulet)
Stlth   +            j - ring of see invisible
HPRegen 0.27/turn    (no ring)
MPRegen 0.09/turn

%: no passive effects
@: lightly drained
A: horns 2, retaliatory headbutt
a: no special abilities


You were in a sewer.
You visited 1 branch of the dungeon, and saw 3 of its levels.
You also visited: Sewer.

You collected 137 gold pieces.


Innate Abilities, Weirdness & Mutations

You have a pair of horns on your head.
You reflexively headbutt those who attack you in melee.


   Skills:
 - Level 3.0 Fighting
 + Level 5.6 Ranged Weapons
 - Level 1.1 Armour
 - Level 2.1 Dodging
 - Level 1.0 Spellcasting
 - Level 2.0 Hexes


You had 5 spell levels left.
You knew the following spells:

 Your Spells              Type           Power      Damage    Failure   Level
a - Slow                  Hex            16%        N/A       16%         1

Your spell library contained the following spells:

 Spells                   Type           Power      Damage    Failure   Level
 Inner Flame              Hex/Fire       2%         N/A       56%         3
 Portal Projectile        Hex/Tloc       4%         N/A       56%         3
 Cause Fear               Hex            2%         N/A       83%         4

Inventory:

Hand Weapons
 Y - a +2 sling of draining (weapon)
Armour
 c - a +2 robe of willpower (worn)
Jewellery
 j - a ring of see invisible (left hand)
 k - a ring of fire
Potions
 a - a potion of magic {unknown}
 g - a potion of enlightenment {unknown}
 h - a potion of haste {unknown}

Dungeon Overview and Level Annotations

Branches:
Dungeon (3/15)              Sewer (1/1)

Altars:
Sif Muna


Message History

You shoot a sling bullet. The sling bullet hits the kobold!
You kill the kobold!
You open the door.
A bat, an endoplasm, a wight, a giant cockroach and a kobold come into view.
The kobold shouts!
A kobold comes into view. It is wielding a +0 dagger. x2
Found an ancient bone altar of Kikubaaqudgha.
You shoot a sling bullet.
The sling bullet closely misses the bat.
The kobold shouts! x2
The endoplasm quivers.
The sling bullet hits the wight but does no damage.
The bat barely misses you.
You shoot a sling bullet. The sling bullet hits the kobold.
The kobold is severely wounded.
The bat closely misses you.
You shoot a sling bullet. The sling bullet hits the bat!
You kill the bat!
You shoot a sling bullet. The sling bullet hits the kobold!
You kill the kobold!
The wight hits you with a +3 long sword!
You shoot a sling bullet. The sling bullet hits the wight.
The wight is lightly damaged.
The wight closely misses you. You furiously retaliate!
You headbutt the wight, but do no damage.
You shoot a sling bullet.
The sling bullet hits the wight but does no damage.
The wight is lightly damaged.
The wight hits you with a +3 long sword!
You feel drained.
You shoot a sling bullet. The sling bullet hits the wight.
The wight is moderately damaged.
The wight hits you with a +3 long sword.
You shoot a sling bullet.
The sling bullet barely misses the wight.
The sling bullet closely misses the giant cockroach.
The sling bullet hits the endoplasm!
You kill the endoplasm!
The wight hits you with a +3 long sword!
You die...

~~~~~~~~~~~~.')~~#
~~~~~~~~~~~~.#)~~#
~~~~~~~~~~~..#..~#
~~~~~~~~~~~~.#..~#
~~~~~~~~~~~..#.~~# ++#
~~~~~~~~~~..)#.~~# ....
#~#~~###~#.####.## ..}..
...........~~#...#K....}
....%.....~~~~..@zB}._..
...........~~#..%#K....}
~##~##~###)####.## ..}..
~~~~~~~~~~...#.~~# ....
~~~~~~~~~~~..#.~~# ++#
~~~~~~~~~~~~.#..~
~~~~~~~~~~~~.#)~~#
~~~~~~~~~~~~.#)~
~~~~~~~~~~~~.+


You could see a wight, a giant cockroach and 2 kobolds.

Vanquished Creatures
  Terence (D:3)
  4 gnolls (D:3)
  4 adders (D:2)
  2 ufetubi (Sewer)
  3 worms
  3 dart slugs
  5 ball pythons
  3 endoplasms
  6 giant cockroaches
  5 goblins
  6 hobgoblins
  2 jackals (D:1)
  17 kobolds
  9 bats
  3 frilled lizards
  A giant cockroach zombie (Sewer)
  5 rats
79 creatures vanquished.

Notes
Turn   | Place    | Note
-------+----------+-------------------------------------------
     0 | D:1      | qw the Minotaur Hexslinger began the quest for the Orb.
     0 | D:1      | Reached XP level 1. HP: 16/16 MP: 1/1
     0 | D:1      | 0 ||| qw: Version: 0.3-a-52-g30416fa
     0 | D:1      | 0 ||| qw: Game counter: 5727
     0 | D:1      | 0 ||| qw: Melee chars always use a shield: true
     0 | D:1      | 0 ||| qw: God list: Okawaru
     0 | D:1      | 0 ||| qw: Allow faded altars: false
     0 | D:1      | 0 ||| qw: Do Orc after clearing Dungeon:15 true
     0 | D:1      | 0 ||| qw: Do second Lair branch before Depths: true
     0 | D:1      | 0 ||| qw: Lair rune preference: random
     0 | D:1      | 0 ||| qw: Goals: Normal
     0 | D:1      | 0 ||| PLANNING D:1-11
    79 | D:1      | 79 ||| FLEEEEING.
   194 | D:1      | Reached skill level 3 in Ranged Weapons
   260 | D:1      | Reached XP level 2. HP: 17/23 MP: 2/2
   516 | D:1      | Found a faded altar of an unknown god.
   559 | D:1      | HP: 6/24 [jackal (1)]
   966 | D:1      | 966 ||| UPGRADING to +0 ring mail.
   976 | D:1      | 976 ||| DROPPING +0 robe.
   977 | D:1      | 977 ||| READING scroll labelled BIXEUGO YTREA.
   978 | D:1      | 978 ||| READING scroll labelled GAXZAIL TI OFA.
   979 | D:1      | 979 ||| READING scroll labelled ZOIMEBE SUPI.
   980 | D:1      | 980 ||| DROPPING scroll of poison.
  1002 | D:2      | Reached XP level 3. HP: 23/29 MP: 3/3
  1219 | D:2      | Reached skill level 4 in Ranged Weapons
  1272 | D:2      | Reached skill level 1 in Armour
  1273 | D:2      | Found a shimmering blue altar of Sif Muna.
  1488 | D:2      | Reached XP level 4. HP: 36/36 MP: 4/4
  1500 | D:2      | Identified the +6 whip "Grim Tooth" {freeze, +Blink rF-
                  | SInv}
  1906 | D:2      | 1906 ||| UPGRADING to +2 robe of willpower.
  1916 | D:2      | 1916 ||| DROPPING +0 ring mail.
  1917 | D:2      | 1917 ||| READING scroll labelled WAAWIR TILAOD.
  1918 | D:2      | 1918 ||| DRINKING 2 grey potions.
  1942 | D:3      | 1942 ||| PLANNING SEWER
  2058 | D:3      | Noticed Terence
  2067 | D:3      | Killed Terence
  2068 | D:3      | Reached skill level 5 in Ranged Weapons
  2160 | D:3      | Reached XP level 5. HP: 44/44 MP: 5/5
  2163 | D:3      | Reached skill level 3 in Fighting
  2219 | D:3      | Found a glowing drain.
  2220 | D:3      | 2220 ||| DROPPING +2 robe of willpower.
  2221 | D:3      | 2221 ||| UPGRADING to ring of see invisible.
  2222 | D:3      | 2222 ||| READING scroll labelled EWI KORUQICA.
  2223 | D:3      | 2223 ||| READING scroll labelled TAPAIZ WURINU.
  2223 | D:3      | Identified a scroll of acquirement
  2223 | D:3      | 2223 ||| ACQUIRING scarf "Ylaagremp" {shadows, rC++}
  2223 | D:3      | Acquired the scarf "Ylaagremp" {shadows, rC++}
  2224 | D:3      | 2224 ||| DRINKING 2 fizzy blue potions.
  2225 | D:3      | 2225 ||| DRINKING potion of curing.
  2225 | D:3      | 2225 ||| (to cure confusion)
  2226 | D:3      | 2226 ||| DROPPING potion of ambrosia.
  2242 | D:3      | 2242 ||| Stepping ~*~*~tactically~*~*~ (water).
  2250 | Sewer    | Entered a sewer
  2281 | Sewer    | 2281 ||| Stepping ~*~*~tactically~*~*~ (water).
  2362 | Sewer    | Found an ancient bone altar of Kikubaaqudgha.
  2368 | Sewer    | HP: 8/43 [wight/+3 long sword (7)]
  2370 | Sewer    | Slain by a wight

Levels and vault maps discovered:
D:1:      amcnicky_arrival_underground_garden, layout_loops_ring,
          hellmonk_ecumenical_altar_pennies_from_heaven, minivault_25
D:2:      layout_basic, basic_altar
D:3:      layout_rooms, cheibrodos_sewer_entry_drain, uniq_crazy_yiuf_cottage,
          uniq_terence
Sewer:    kennysheep_sewer_church

Skill      XL: |  1  2  3  4  5 |
---------------+----------------+-----
Ranged Weapons | 3 4 5 |  5.6
Fighting       | 2 3 |  3.0
Armour         | 1 |  1.1
Dodging        | |  2.1
Spellcasting   | |  1.0
Hexes          | |  2.0

Action                     |  1- 3 |  4- 6 || total
---------------------------+-------+-------++-------
   Fire: Sling             |   116 |   107 ||   223
    Use: Scroll            |     3 |     3 ||     6
         Potion            |       |     3 ||     3
 Armour: Robe              |     5 |    13 ||    18
         Ring mail         |     9 |       ||     9
  Dodge: Dodged            |    35 |    14 ||    49

Table legend:
 A = Non-vault XP
 B = Vault XP
 C = Vault XP percentage of total XP
 D = Non-vault monster count
 E = Vault monster count
 F = Vault count percentage of total count
                 A         B        C        D         E       F
            +---------+---------+-------+---------+---------+-------
      Total |     206 |      77 |  27.2 |      58 |      21 |  26.6
            +---------+---------+-------+---------+---------+-------
        D:1 |      39 |       0 |   0.0 |      22 |       0 |   0.0
        D:2 |      78 |       0 |   0.0 |      16 |       0 |   0.0
        D:3 |      89 |      42 |  32.1 |      20 |       4 |  16.7
      Sewer |       0 |      35 | 100.0 |       0 |      17 | 100.0
            +---------+---------+-------+---------+---------+-------
